 Dungeon Crawl Stone Soup version 0.23-a0-516-g0f8c245 (webtiles) character file.

107 mhoghedin the Sneak (level 5, -4/32 HPs)
             Began as a Kobold Artificer on Dec 4, 2018.
             Was a Believer of Zin.
             Killed by divine providence
             ... invoked by an orc priest
              (16 damage)
             ... on level 3 of the Dungeon on Dec 6, 2018.
             The game lasted 00:05:01 (3417 turns).

mhoghedin the Sneak (Kobold Artificer)              Turns: 3417, Time: 00:05:02

Health: -4/32      AC:  3    Str: 10    XL:     5   Next: 11%
Magic:  7/7        EV: 14    Int: 13    God:    Zin [**....]
Gold:   107        SH:  0    Dex: 15    Spells: 4/4 levels left

rFire    . . .     SeeInvis .   a - +0 short sword
rCold    . . .     Gourm    .   (shield restricted)
rNeg     . . .     Faith    .   b - +0 leather armour
rPois    .         Spirit   .   (no helmet)
rElec    .         Reflect  .   (no cloak)
rCorr    .         Harm     .   (no gloves)
MR       .....                  (no boots)
Stlth    +.........             (no amulet)
HPRegen  0.10/turn              l - ring of attention
MPRegen  0.10/turn              (no ring)

@: no status effects
A: small, carnivore
a: Recite, Vitalisation, Donate Gold, Renounce Religion


You were on level 3 of the Dungeon.
You worshipped Zin.
Zin was pleased with you.
You were not hungry.

You visited 1 branch of the dungeon, and saw 3 of its levels.

You collected 118 gold pieces.
You donated 11 gold pieces to Zin.

Inventory:

Hand Weapons
 a - a +0 short sword (weapon)
Armour
 b - a +0 leather armour (worn)
 n - a +0 cloak
   (You found it on level 3 of the Dungeon)
Jewellery
 l - a ring of attention (left hand)
   (You found it on level 2 of the Dungeon)
Wands
 c - a wand of flame (13)
 d - a wand of enslavement (14)
 e - a wand of random effects (15)
Scrolls
 g - a scroll of immolation {!r}
 m - a scroll of identify
 o - a scroll of remove curse
Comestibles
 f - 5 rations


   Skills:
 + Level 2.9 Fighting
 + Level 3.6 Short Blades
 - Level 2.4 Dodging
 + Level 3.7 Stealth
 - Level 3.6 Evocations


You had 4 spell levels left.
You didn't know any spells.
Your spell library was empty.

Dungeon Overview and Level Annotations

Branches:
Dungeon (3/15)

Altars:
Zin
The Shining One


Innate Abilities, Weirdness & Mutations

You are small and have problems with some larger weapons.
You are carnivorous and can eat meat at any time.


Message History

No target in view!
No target in view!
No target in view!
No target in view!
No target in view!
You see here a stone.
You pay a tithe of 1 gold.
You now have 107 gold pieces (gained 9).
o - 2 scrolls labeled NUNITT OVIGAAGGI (gained 1)
You see here a spear.
You see here a hunting sling.
You see here a whip.
A giant cockroach comes into view.
A giant cockroach is nearby!
Health restored: 32 A giant cockroach is nearby! 3 orcs and an orc priest come into view.
An orc comes into view. It is wielding a +0 whip.
The orc shouts! x2
You hit the giant cockroach.
The giant cockroach bites you but does no damage.
You hit the giant cockroach. The orc barely misses you.
The orc priest calls down the wrath of Beogh upon you.
Beogh smites you! The giant cockroach bites you.
You hit the giant cockroach.
You kill the giant cockroach!
The orc priest looks braver for a moment.
The orc hits you but does no damage.
You take 10 damage, and have 22/32 hp.
MASSIVE DAMAGE!!
You clear your throat and prepare to recite. "Zin looked out upon the remains of the forces of darkness..."
The orc is confused by your recitation. The orc is dazed by your recitation.
The orc is limned with silver light.
The orc closely misses you. "...and declared it good that they had been..."
The orc is lost in a daze. "...censured.
And thus justice was done."
You finish reciting Anathema 16:60.
The orc closely misses the orc.
The orc is lost in a daze.
The orc barely misses the orc.
The orc barely misses itself.
You see here a +0 club.
The orc is no longer dazed.
You closely miss the giant cockroach. The giant cockroach barely misses you.
The orc completely misses you.
You closely miss the giant cockroach.
The giant cockroach bites you but does no damage.
The orc closely misses you.
You barely miss the giant cockroach. The giant cockroach barely misses you.
Unknown command.
Unknown command.
Okay, then.
Unknown command.
As you read the scroll labeled NUNITT OVIGAAGGI, it crumbles to dust.
You feel as if something is helping you.
It was a scroll of remove curse.
You are ready to recite again.
The giant cockroach closely misses you.
The giant cockroach bites you but does no damage.
As you read the scroll labeled SANOMO WAOSEMP, it crumbles to dust.
Your nose twitches suddenly!
It was a scroll of random uselessness.
The giant cockroach bites you but does no damage.
The orc barely misses you.
Okay, then.
It was a potion of magic.
Magic courses through your body. The giant cockroach closely misses you.
The orc completely misses you.
It was a potion of curing.
You feel better.
The giant cockroach bites you but does no damage.
The orc priest invokes the aid of Beogh against you.
Beogh smites you! The orc barely misses you.
You take 4 damage, and have 20/32 hp.
It was a potion of cancellation.
You feel magically purged.
The giant cockroach bites you but does no damage.
The orc barely misses you.
You hit the giant cockroach. The giant cockroach barely misses you.
The giant cockroach bites you but does no damage.
You barely miss the giant cockroach. The orc barely misses you.
The giant cockroach bites you.
You take 2 damage, and have 18/32 hp.
You completely miss the giant cockroach.
The orc hits you with a +0 whip.
The orc closely misses the orc priest.
The orc hits itself with a +0 hand axe.
The giant cockroach waves its antennae.
The giant cockroach bites you but does no damage.
You take 2 damage, and have 16/32 hp.
You hit the giant cockroach but do no damage.
The orc misses you. The giant cockroach misses you.
You hit the giant cockroach. The orc hits you with a +0 whip.
The giant cockroach closely misses you.
The orc priest calls upon Beogh to heal the orc.
The orc's wounds heal themselves!
The orc hits the orc priest but does no damage.
The orc closely misses itself.
You take 4 damage, and have 12/32 hp.
You hit the giant cockroach.
You kill the giant cockroach!
The orc hits you but does no damage.
The orc priest calls down the wrath of Beogh upon you.
Beogh smites you!
Ouch! That really hurt!
You die...

.#.#
#.###...###.##(.........#
...#
#.##.##.....##..######..#
#### #...#(#.######..#
##.# ####.##.# #..# #.#
#)##.# #..# #.# #.##.#
#..# #.# ###.##.# #..#
#.# ##....#.######.<# #.#
#.#.#ooooo@.....# #.#
##....#######...# #.# ..
#.#.## #.>.....
...#####.#.# ##..####
....o..oo#.### ...#
............... #.##
......####.#### #.#
...... ..# #.# ...... ...


You could see an orc priest and 4 orcs.

Vanquished Creatures
  3 adders
  An ooze (D:1)
  2 dart slugs (D:1)
  2 leopard geckos
  2 orcs (D:3)
  2 ball pythons
  9 bats
  5 giant cockroaches
  3 goblins
  6 hobgoblins
  8 jackals
  9 kobolds
  A quokka (D:3)
  A frilled lizard (D:2)
  8 rats
62 creatures vanquished.

Vanquished Creatures (others)
  A hobgoblin (D:1)
1 creature vanquished.

Grand Total: 63 creatures vanquished

Notes
Turn   | Place    | Note
-------+----------+-------------------------------------------
     0 | D:1      | mhoghedin the Kobold Artificer began the quest for the Orb.
     0 | D:1      | Reached XP level 1. HP: 12/12 MP: 3/3
   132 | D:1      | Reached XP level 2. HP: 16/16 MP: 4/4
   141 | D:1      | Reached skill level 2 in Stealth
   143 | D:1      | Reached skill level 2 in Short Blades
   839 | D:1      | Reached XP level 3. HP: 9/21 MP: 5/5
  1048 | D:1      | Reached skill level 2 in Fighting
  1549 | D:2      | Found a faded altar of an unknown god.
  1562 | D:2      | Became a worshipper of Zin the Law-Giver
  1562 | D:2      | Reached * piety under Zin
  1662 | D:2      | Reached skill level 3 in Stealth
  1662 | D:2      | Reached XP level 4. HP: 12/27 MP: 6/6
  1681 | D:2      | HP: 6/27 [poisoned by an adder]
  2147 | D:2      | Reached skill level 3 in Short Blades
  2308 | D:2      | Found a glowing silver altar of Zin.
  2309 | D:2      | Found a glowing golden altar of the Shining One.
  2322 | D:2      | Reached ** piety under Zin
  2569 | D:2      | Upgraded the game from 0.23-a0-512-g50a8178 to
                  | 0.23-a0-516-g0f8c245
  2777 | D:3      | Zin protects you from harm!
  2815 | D:3      | HP: 2/27 [orc priest/divine providence (14)]
  2828 | D:3      | HP: 2/27 [bat (1)]
  3196 | D:3      | Reached XP level 5. HP: 28/32 MP: 7/7
  3417 | D:3      | Killed from afar by an orc priest

Vault maps used:
D:1:      ncdulo_halloftheorcs, st_stairs_11
D:2:      mumra_celtic_spiral_tile, chequers_temple_overflow_statue_of_worship,
          first_ration, chequers_ecumenical_altar_simple
D:3:      st_stairs_12

Skill      XL: |  1  2  3  4 |
---------------+-------------+-----
Stealth        | 2 3 |  3.7
Short Blades   | 2 3 |  3.6
Fighting       | 2 |  2.9
Dodging        | |  2.4
Evocations     | |  3.6

Action                   |  1- 3 |  4- 6 || total
-------------------------+-------+-------++-------
Melee: Short sword       |   126 |   121 ||   247
Invok: Recite            |       |     2 ||     2
Evoke: Wand              |     1 |     2 ||     3
  Use: Scroll            |     1 |     5 ||     6
       Potion            |       |     3 ||     3
 Stab: Sleeping          |     4 |     1 ||     5
       Distracted        |     1 |       ||     1
  Eat: Chunk             |     4 |     4 ||     8
       Ration            |       |     2 ||     2
Armor: Leather armour    |    34 |    48 ||    82
Dodge: Dodged            |   120 |   107 ||   227

Table legend:
 A = Non-vault XP
 B = Vault XP
 C = Vault XP percentage of total XP
 D = Non-vault monster count
 E = Vault monster count
 F = Vault count percentage of total count
                 A         B        C        D         E       F
            +---------+---------+-------+---------+---------+-------
      Total |     138 |      16 |  10.4 |      56 |       7 |  11.1
            +---------+---------+-------+---------+---------+-------
        D:1 |      37 |      12 |  24.5 |      19 |       4 |  17.4
        D:2 |      47 |       0 |   0.0 |      15 |       0 |   0.0
        D:3 |      54 |       4 |   6.9 |      22 |       3 |  12.0
            +---------+---------+-------+---------+---------+-------

Vault maps used:
D:1:      ncdulo_halloftheorcs, st_stairs_11
D:2:      mumra_celtic_spiral_tile, chequers_temple_overflow_statue_of_worship,
          first_ration, chequers_ecumenical_altar_simple
D:3:      st_stairs_12

Table legend:
 A = Turns spent in this place as a percentage of turns spent in the entire game.
 B = Non-inter-level travel turns spent in this place as a percentage of non-inter-level travel turns spent in the entire game.
 C = Inter-level travel turns spent in this place as a percentage of turns spent in this place.
 D = Turns resting spent in this place as a percentage of non-inter-level travel turns spent in this place.
 E = Turns spent auto-exploring this place as a percentage of non-inter-level travel turns spent in this place.
 F = Non-inter-level travel turns spent in this place divided by the number of levels of this place that you've seen.
                   A       B       C       D       E      F
               +-------+-------+-------+-------+-------+----------------------
         Total | 100.0 | 100.0 |   0.6 |  34.8 |  46.3 | 1131.7
       Dungeon | 100.0 | 100.0 |   0.6 |  34.8 |  46.3 | 1131.7
               +-------+-------+-------+-------+-------+----------------------

Table legend:
 A = Kills in this place as a percentage of kills in entire the game.
 B = Kills by you in this place as a percentage of kills by you in the entire game.
 C = Kills by friends in this place as a percentage of kills by friends in the entire game.
 D = Other kills in this place as a percentage of other kills in the entire game.
 E = Experience gained in this place as a percentage of experience gained in the entire game.
 F = Experience gained in this place divided by the number of levels of this place that you have seen.
                   A       B       C       D       E      F
               +-------+-------+-------+-------+-------+----------------------
         Total | 100.0 | 100.0 |   N/A | 100.0 | 100.0 |  51.3
       Dungeon | 100.0 | 100.0 |   N/A | 100.0 | 100.0 |  51.3
               +-------+-------+-------+-------+-------+----------------------
